 Dungeon Crawl Stone Soup version 0.21-a0-251-g5e8393f (webtiles) character file.

22 tof the Ruffian (level 2, -2/29 HPs)
             Began as a Troll Berserker on Sept 5, 2017.
             Was a Follower of Trog.
             Killed from afar by Sigmund (8 damage)
             ... with a puff of flame
             ... on level 2 of the Dungeon.
             The game lasted 00:02:06 (927 turns).

tof the Ruffian (Troll Berserker)                    Turns: 927, Time: 00:02:07

Health: -2/29      AC:  5    Str: 24    XL:     2   Next: 68%
Magic:  1/1        EV: 10    Int:  3    God:    Trog [*.....]
Gold:   88         SH:  0    Dex:  9    Spells: 1/1 levels left

rFire    . . .     SeeInvis .     - Unarmed
rCold    . . .     Gourm    +   (no shield)
rNeg     . . .     Faith    .   a - +0 animal skin
rPois    .         Spirit   .   (helmet restricted)
rElec    .         Reflect  .   (no cloak)
rCorr    .         Harm     .   (gloves unavailable)
MR       .....                  (boots unavailable)
Stlth    +.........             (no amulet)
HPRegen  0.49/turn              (no ring)
MPRegen  0.07/turn              (no ring)

@: no status effects
A: unfitting armour, claws 3, fast metabolism 3, gourmand, regeneration 1,
shaggy fur 1, tough skin 2
a: Berserk, Burn Spellbooks, Renounce Religion


You were on level 2 of the Dungeon.
You worshipped Trog.
Trog was aware of your devotion.
You were very full.

You visited 1 branch of the dungeon, and saw 2 of its levels.

You collected 88 gold pieces.

Inventory:

Missiles
 f - 2 tomahawks (quivered)
Armour
 a - a +0 animal skin (worn)
Scrolls
 e - a scroll of teleportation {unknown}
 h - a scroll of amnesia {unknown}
 i - a scroll of remove curse {unknown}
Potions
 c - 2 potions of mutation {unknown}
 d - a potion of lignification {unknown}
Comestibles
 b - 2 bread rations
 g - 2 royal jellies


   Skills:
 + Level 2.5 Fighting
 + Level 2.6 Dodging
 * Level 3.7 Unarmed Combat


You had one spell level left.
You didn't know any spells.

Dungeon Overview and Level Annotations

Branches:
Dungeon (2/15)

Altars:
Ashenzari

Annotations:
D:2 Sigmund


Innate Abilities, Weirdness & Mutations

You are too large for most types of armour.
You have claws for hands.
Your metabolism is lightning-fast.
You like to eat raw meat.
Your natural rate of healing is unusually fast.
You are covered in fur. (AC +1)
You have very tough skin. (AC +2)


Message History

No target in view!
No target in view!
You scratch something.
You hear some strange, mumbled words.
A magic dart appears from out of thin air!
The magic dart hits you!
You miss something.
You hear some strange, mumbled words.
A magic dart appears from out of thin air!
The magic dart hits you!
You miss something. Something hits you.
You claw something! You barely miss something. Something hits you!
* * * LOW HITPOINT WARNING * * *
You barely miss something. You scratch something but do no damage.
You hear some strange, mumbled words.
A puff of flame appears from out of thin air!
The puff of flame hits you!
You die...

> ....# .... #.#.#
###>
.###.#.###########
.....
.................
... #....###.#####..
... #.........# #..
#.###....###.## #..
#..."..#^###.#####..
###@##.#....#.......
#{##.#####.#####.#
..##.# #.##....#
......# #.##.##.#
....#### #.##.##.#
#.##.# #.##.##.# #.
#.########.##.##.. .
..............##..
########.#####..


There were no monsters in sight!

Vanquished Creatures
  An ooze (D:1)
  3 dart slugs (D:1)
  A giant cockroach (D:1)
  A hobgoblin (D:1)
  3 bats (D:1)
  A goblin (D:1)
  3 kobolds
  A rat (D:1)
14 creatures vanquished.

Notes
Turn   | Place    | Note
-------+----------+-------------------------------------------
     0 | D:1      | tof the Troll Berserker began the quest for the Orb.
     0 | D:1      | Reached XP level 1. HP: 22/22 MP: 0/0
   346 | D:1      | Reached XP level 2. HP: 29/29 MP: 1/1
   579 | D:1      | Found a shattered altar of Ashenzari.
   913 | D:2      | Noticed Sigmund
   927 | D:2      | Killed from afar by Sigmund

Vault maps used:
D:1:      evilmike_arrival_home_sweet_home, minmay_misc_feat_alley,
          hangedman_decor_clover_reticule, nicolae_ashenzari_panopticon
D:2:      nicolae_overflow_crystal_walls, lemuel_crystal_altar, uniq_sigmund

Action                   || total
-------------------------++-------
Melee: Unarmed           ||    38
       Punch             ||     1
 Stab: Sleeping          ||     1
  Eat: Chunk             ||    13
Armor: Animal skin       ||    12
Dodge: Dodged            ||    17

Table legend:
 A = Spawn XP
 B = Non-spawn XP
 C = Spawn XP percentage of total XP
 D = Spawn monster count
 E = Non-spawn monster count
 F = Spawn count percentage of total count
 G = Total turns spent on level
                    A         B        C        D         E        F      G
               +---------+---------+-------+---------+---------+-------+---------
         Total |       3 |      29 |   9.4 |       2 |      12 |  14.3 |   927
               +---------+---------+-------+---------+---------+-------+---------
           D:1 |       3 |      28 |   9.7 |       2 |      11 |  15.4 |   856
           D:2 |       0 |       1 |   0.0 |       0 |       1 |   0.0 |    71
               +---------+---------+-------+---------+---------+-------+---------
